 Dungeon Crawl Stone Soup version 0.29-a0-356-g7bc237e783 (webtiles) character file.

Game seed: 3547953261897640450

256 spaghetti the Slinger (level 6, -8/50 HPs)
             Began as a Gnoll Hunter on Apr 25, 2022.
             Killed from afar by a steam dragon (20 damage)
             ... with a ball of steam
             ... on level 4 of the Dungeon.
             The game lasted 00:04:52 (3358 turns).

spaghetti the Slinger (Gnoll Hunter)                Turns: 3358, Time: 00:04:53

Health: -8/50      AC:  3    Str: 10    XL:     6   Next: 15%
Magic:  8/8        EV: 13    Int: 10    God:
Gold:   207        SH:  0    Dex: 16    Spells: 8/8 levels left

rFire   . . .      SeeInvis .   b - +3 mace (protect) {mace}
rCold   . . .      Faith    .   (no shield)
rNeg    . . .      Spirit   .   y - +0 leather armour
rPois   .          Reflect  .   (no helmet)
rElec   .          Harm     .   (no cloak)
rCorr   .          Rampage  .   (no gloves)
Will    .....                   (no boots)
Stlth   ++........              (no amulet)
HPRegen 0.16/turn               (no ring)
MPRegen 0.11/turn               (no ring)

@: no status effects
A: fangs 1, strong nose, distributed training
a: no special abilities


You were on level 4 of the Dungeon.
You visited 1 branch of the dungeon, and saw 4 of its levels.

You collected 207 gold pieces.


Innate Abilities, Weirdness & Mutations

You have very sharp teeth.
Your uncanny sense of smell can sniff out nearby items.
Your experience applies equally to all skills.


   Skills:
 + Level 4.9 Fighting
 + Level 1.8 Short Blades
 + Level 1.8 Long Blades
 + Level 1.8 Axes
 + Level 1.8 Maces & Flails
 + Level 1.8 Polearms
 + Level 1.8 Staves
 + Level 8.7 Slings
 + Level 1.8 Bows
 + Level 1.8 Crossbows
 + Level 1.8 Throwing
 + Level 1.8 Armour
 + Level 4.9 Dodging
 + Level 3.0 Stealth
 + Level 1.8 Shields
 + Level 1.8 Unarmed Combat
 + Level 1.8 Spellcasting
 + Level 1.4 Conjurations
 + Level 1.4 Hexes
 + Level 1.4 Summonings
 + Level 1.4 Necromancy
 + Level 1.4 Translocations
 + Level 1.4 Transmutations
 + Level 1.4 Fire Magic
 + Level 1.4 Ice Magic
 + Level 1.4 Air Magic
 + Level 1.4 Earth Magic
 + Level 1.4 Poison Magic
 + Level 2.0 Invocations
 + Level 1.8 Evocations


You had 8 spell levels left.
You didn't know any spells.
Your spell library contained the following spells:

 Spells                   Type           Power      Damage    Failure   Level
 Animate Skeleton         Necr           6%         N/A       24%         1
 Pain                     Necr           12%        1d4       24%         1
 Slow                     Hex            12%        N/A       24%         1
 Confusing Touch          Hex            3%         N/A       56%         3
 Vampiric Draining        Necr           3%         2d6       56%         3

Inventory:

Hand Weapons
 a - a +1 hunting sling {sling}
 b - a +3 mace of protection (weapon) {mace}
   (You took it off an orc on level 3 of the Dungeon)
 D - a +1 flail of protection {mace}
   (You took it off an orc on level 3 of the Dungeon)
Missiles
 l - 97 stones {throwing}
 m - 2 curare-tipped darts {=fthrowing}
 w - 6 boomerangs {throwing}
 x - 6 poisoned darts {throwing}
Armour
 y - a +0 leather armour (worn)
 C - a +3 plate armour
   (You found it on level 3 of the Dungeon)
Magical Staves
 d - a staff of poison {!astaff}
   (You found it on level 4 of the Dungeon)
 f - a staff of death {!astaff}
   (You found it on level 1 of the Dungeon)
Jewellery
 o - a +6 ring of intelligence
   (You found it on level 1 of the Dungeon)
 u - an amulet of magic regeneration {@e2}
   (You found it on level 2 of the Dungeon)
Wands
 p - a wand of iceblast (12)
   (You found it on level 2 of the Dungeon)
Scrolls
 c - 2 scrolls of immolation {!r!r}
 g - a scroll of fear {unknown}
 i - a scroll of enchant armour {unknown}
 k - 3 scrolls of identify {unknown}
 n - a scroll of teleportation {unknown}
 q - 3 scrolls of enchant weapon {unknown}
 t - 2 scrolls of amnesia {unknown}
 A - a scroll of magic mapping {unknown}
 B - a scroll of blinking {unknown}
Potions
 e - a potion of mutation {unknown}
 h - 4 potions of flight {unknown}
 j - 4 potions of heal wounds {unknown}
 r - 2 potions of berserk rage {unknown}
 s - a potion of degeneration {unknown}
 v - 2 potions of curing {unknown}
 z - a potion of attraction {unknown}

Dungeon Overview and Level Annotations

Branches:
Dungeon (4/15)
 Temple: D:4-7

Altars:
The Shining One

Shops:
D:1 *

Annotations:
D:3 exclusion: door

.. ... #.. ##.. ...####...
∆ ..h..... #...... ..#
∆.#.. ##.....### .
...#..#...#.....D..# ..
............(...@§.##..#
..#..............§....##
#.#...........§§§..#...#
..#............#..###..##
...............#§...#...# .
.).............##....#.# ..
<))...##...............#..#
)†....## ................##
.......# #.................


You could see a steam dragon (catching breath) and a hound.


Message History

You are too injured to fight recklessly!
You are too injured to fight recklessly!
You are too injured to fight recklessly!
You sock the gnoll!
Your weapon exudes an aura of protection.
The gnoll hits you but does no damage.
You hit the gnoll but do no damage. The gnoll closely misses you.
The dart slug bites you but does no damage. 😕 HP[+1]
You hit the gnoll. The gnoll misses you. The dart slug completely misses you.
The gnoll hits you but does no damage.
You hit the gnoll.
You kill the gnoll!
The dart slug launches a dart at you.
The slug dart hits you but does no damage.
You hit the dart slug.
The dart slug bites you but does no damage.
You hit the dart slug.
The dart slug bites you but does no damage.
You thump the dart slug!
You kill the dart slug! 😕 HP[+1]
There is a stone staircase leading up, spattered with blood here.
You climb upwards.
Level annotation: exclusion: door
There is a stone staircase leading down, spattered with blood here.
You start resting. 😎 HP[+5]
Your hp is fully restored (50).
You climb downwards.
There is a stone staircase leading up, spattered with blood here.
Things that are here:
a +0 short sword {short}; an orc corpse
Things that are here:
a +0 club {mace}; an orc corpse
Items here: )) [ ††.
You see here a +0 spear {polearm}.
v - 2 green potions (gained 1)
You now have 207 gold pieces (gained 15).
Key pressed, stopping explore.
k - 3 scrolls labelled QEMAGGI GUELAR (gained 1) Key pressed, stopping explore.
Found a stone staircase leading down.
No target in view!
d - a staff of poison {!astaff} A giant cockroach comes into view.
A giant cockroach is nearby!
A giant cockroach is nearby!
A giant cockroach is nearby!
You hit the giant cockroach.
Your weapon exudes an aura of protection.
You bite the giant cockroach, but do no damage.
The giant cockroach bites you but does no damage. x2
You hit the giant cockroach.
You kill the giant cockroach!
No target in view!
No target in view!
No target in view!
No target in view!
No target in view!
No target in view!
No target in view!
No target in view!
No target in view!
No target in view!
No target in view!
No target in view!
No target in view!
No target in view!
No target in view!
You see here a +0 leather armour.
Key pressed, stopping explore.
An endoplasm comes into view.
An endoplasm is nearby!
An endoplasm is nearby!
The endoplasm quivers.
A steam dragon comes into view.
The steam dragon hisses angrily.
You sock the endoplasm!
Your weapon exudes an aura of protection.
You kill the endoplasm!
The steam dragon breathes steam at you. The ball of steam misses you.
You hear a bark!
You hear a shout!
You closely miss the steam dragon.
You are engulfed in a cloud of scalding steam.
The steam dragon bites you. The steam dragon misses you.
A hound comes into view.
The steam dragon bites you. The steam dragon claws you.
* * * LOW HITPOINT WARNING * * *
You are too injured to fight recklessly! 😨 HP[-26]
You take 26 damage, and now have 24/50 hp.
MASSIVE DAMAGE!! (PAUSE)
You closely miss the steam dragon.
You are engulfed in a cloud of scalding steam.
* * * LOW HITPOINT WARNING * * *
The steam dragon breathes steam at you. The ball of steam hits you!!
You die...

Skill      XL: |  1  2  3  4  5  6 |
---------------+-------------------+-----
Invocations    | 1 2 |  2.0
Short Blades   | 1 |  1.8
Long Blades    | 1 |  1.8
Axes           | 1 |  1.8
Maces & Flails | 1 |  1.8
Polearms       | 1 |  1.8
Staves         | 1 |  1.8
Bows           | 1 |  1.8
Crossbows      | 1 |  1.8
Throwing       | 1 |  1.8
Armour         | 1 |  1.8
Shields        | 1 |  1.8
Unarmed Combat | 1 |  1.8
Spellcasting   | 1 |  1.8
Evocations     | 1 |  1.8
Conjurations   | 1 |  1.4
Hexes          | 1 |  1.4
Summonings     | 1 |  1.4
Necromancy     | 1 |  1.4
Translocations | 1 |  1.4
Transmutations | 1 |  1.4
Fire Magic     | 1 |  1.4
Ice Magic      | 1 |  1.4
Air Magic      | 1 |  1.4
Earth Magic    | 1 |  1.4
Poison Magic   | 1 |  1.4
Stealth        | 3 |  3.0
Fighting       | |  4.9
Slings         | |  8.7
Dodging        | |  4.9

Action                   |  1- 3 |  4- 6 || total
-------------------------+-------+-------++-------
Melee: Mace              |       |    74 ||    74
       Bite              |       |    13 ||    13
       Punch             |       |     1 ||     1
 Fire: Hunting sling     |    63 |    93 ||   156
  Use: Potion            |       |     2 ||     2
Armor: Leather armour    |     3 |    50 ||    53
Dodge: Dodged            |    11 |    89 ||   100

Levels and vault maps discovered:
D:1:      tarquinn_simple_flora_water_c, layout_basic, serial_shops, shop,
          serial_corexii_hall, chequers_hall_statues_corner_a,
          chequers_hall_statues_corner_a, corexii_hall_statues_x,
          corexii_hall_statues_i, chequers_hall_statues_wall_a,
          corexii_hall_statues_deadend
D:2:      layout_rooms, basic_altar, uniq_jessica
D:3:      layout_basic, tgw_trog, dreamdust_ecumenical_altar_angels_and_demons,
          hangedman_abyss_or_decor_stabs
D:4:      layout_cave_pools

Notes
Turn   | Place    | Note
-------+----------+-------------------------------------------
     0 | D:1      | spaghetti the Gnoll Hunter began the quest for the Orb.
     0 | D:1      | Reached XP level 1. HP: 20/20 MP: 1/1
     0 | D:1      | magus.rc [v1.9.6]
   207 | D:1      | You pick up a book of Debilitation and begin reading...
   207 | D:1      | You add the spells Slow, Vampiric Draining and Confusing
                  | Touch to your library.
   258 | D:1      | Reached XP level 2. HP: 26/26 MP: 2/2
   477 | D:1      | Found Zasariog's General Store.
   797 | D:2      | Found a glowing golden altar of the Shining One.
   952 | D:2      | Noticed Jessica
   959 | D:2      | Killed Jessica
   960 | D:2      | Reached skill level 1 in Invocations
   960 | D:2      | Reached XP level 3. HP: 26/31 MP: 2/4
  1143 | D:2      | You pick up a book of Necromancy and begin reading...
  1143 | D:2      | You add the spells Pain and Animate Skeleton to your
                  | library.
  1258 | D:3      | Reached skill level 1 in Short Blades
  1258 | D:3      | Reached skill level 1 in Long Blades
  1258 | D:3      | Reached skill level 1 in Axes
  1258 | D:3      | Reached skill level 1 in Maces & Flails
  1258 | D:3      | Reached skill level 1 in Polearms
  1258 | D:3      | Reached skill level 1 in Staves
  1258 | D:3      | Reached skill level 1 in Bows
  1258 | D:3      | Reached skill level 1 in Crossbows
  1258 | D:3      | Reached skill level 1 in Throwing
  1258 | D:3      | Reached skill level 1 in Armour
  1258 | D:3      | Reached skill level 1 in Shields
  1258 | D:3      | Reached skill level 1 in Unarmed Combat
  1258 | D:3      | Reached skill level 1 in Spellcasting
  1258 | D:3      | Reached skill level 1 in Evocations
  1258 | D:3      | Reached XP level 4. HP: 38/38 MP: 5/5
  1268 | D:3      | You pick up a book of Debilitation and begin reading...
  1317 | D:3      | HP: 7/38 [frozen (5)]
  1332 | D:3      | Reached skill level 1 in Conjurations
  1332 | D:3      | Reached skill level 1 in Hexes
  1332 | D:3      | Reached skill level 1 in Summonings
  1332 | D:3      | Reached skill level 1 in Necromancy
  1332 | D:3      | Reached skill level 1 in Translocations
  1332 | D:3      | Reached skill level 1 in Transmutations
  1332 | D:3      | Reached skill level 1 in Fire Magic
  1332 | D:3      | Reached skill level 1 in Ice Magic
  1332 | D:3      | Reached skill level 1 in Air Magic
  1332 | D:3      | Reached skill level 1 in Earth Magic
  1332 | D:3      | Reached skill level 1 in Poison Magic
  1563 | D:3      | Found a faded altar of an unknown god.
  2051 | D:3      | Noticed a moth of wrath
  2123 | D:3      | Reached XP level 5. HP: 33/43 MP: 6/6
  2949 | D:3      | HP: 5/43 [gnoll shaman/+0 club (7)]
  2960 | D:3      | Reached skill level 2 in Invocations
  2960 | D:3      | Reached XP level 6. HP: 17/50 MP: 8/8
  3178 | D:4      | Reached skill level 3 in Stealth
  3352 | D:4      | Noticed a steam dragon
  3358 | D:4      | HP: 12/50 [steam dragon] (12)]
  3358 | D:4      | Killed from afar by a steam dragon

Vanquished Creatures
  A gnoll shaman (D:3)
  Jessica (D:2)
  An iguana (D:3)
  5 gnolls
  5 adders (D:3)
  A worm (D:3)
  3 dart slugs
  13 orcs
  6 endoplasms
  A giant cockroach (D:4)
  2 goblins
  4 hobgoblins
  3 jackals (D:1)
  2 quokkas
  3 ball pythons
  3 bats
  3 frilled lizards
  8 kobolds
  4 rats
69 creatures vanquished.

Table legend:
 A = Non-vault XP
 B = Vault XP
 C = Vault XP percentage of total XP
 D = Non-vault monster count
 E = Vault monster count
 F = Vault count percentage of total count
                 A         B        C        D         E       F
            +---------+---------+-------+---------+---------+-------
      Total |     329 |      37 |  10.1 |      68 |       1 |   1.4
            +---------+---------+-------+---------+---------+-------
        D:1 |      16 |       0 |   0.0 |      11 |       0 |   0.0
        D:2 |      17 |      37 |  68.5 |      12 |       1 |   7.7
        D:3 |     260 |       0 |   0.0 |      35 |       0 |   0.0
        D:4 |      36 |       0 |   0.0 |      10 |       0 |   0.0
            +---------+---------+-------+---------+---------+-------

Illustrated notes

Table legend:
 A = Kills in this place as a percentage of kills in entire the game.
 B = Kills by you in this place as a percentage of kills by you in the entire game.
 C = Kills by friends in this place as a percentage of kills by friends in the entire game.
 D = Other kills in this place as a percentage of other kills in the entire game.
 E = Experience gained in this place as a percentage of experience gained in the entire game.
 F = Experience gained in this place divided by the number of levels of this place that you have seen.
                   A       B       C       D       E      F
               +-------+-------+-------+-------+-------+----------------------
         Total | 100.0 | 100.0 |   N/A |   N/A | 100.0 |  91.5
       Dungeon | 100.0 | 100.0 |   N/A |   N/A | 100.0 |  91.5
               +-------+-------+-------+-------+-------+----------------------

Table legend: (Time is in decaauts)
 A = Elapsed time spent in this place.
 B = Non-inter-level travel time spent in this place.
 C = Inter-level travel time spent in this place.
 D = Time resting spent in this place.
 E = Time spent auto-exploring this place.
 F = Levels seen in this place.
 G = Mean time per level.
                   A        B        C        D        E       F      G
               +--------+--------+--------+--------+--------+-----+--------+
         Total |   3398 |   3186 |    212 |    619 |   2102 |   4 |  849.5 |
       Dungeon |   3398 |   3186 |    212 |    619 |   2102 |   4 |  849.5 |
               +--------+--------+--------+--------+--------+-----+--------+

Top non-repeatable levels by time:
     D:3: 2011 daAuts
     D:1: 653 daAuts
     D:2: 601 daAuts
     D:4: 131 daAuts
